 Dungeon Crawl Stone Soup version 0.17-a0-702-gb3a3556 (webtiles) character file.

137 laxity the Changer (level 5, 0/44 HPs)
             Began as a Naga Transmuter on Apr 19, 2015.
             Slain by Grinder (2 damage)
             ... while paralysed by Grinder
             ... on level 3 of the Dungeon.
             The game lasted 00:06:09 (3247 turns).

laxity the Changer (Naga Transmuter)                Turns: 3247, Time: 00:06:10

Health: 0/44       AC:  5    Str: 12    XL:     5   Next: 20%
Magic:  2/8        EV:  5    Int: 15    God:
Gold:   160        SH:  0    Dex: 16    Spells: 2 memorised, 4 levels left

rFire  . . .     SeeInvis +       - Unarmed
rCold  . . .     Clarity  .     (armour currently unavailable)
rNeg   . . .     SustAb   .     (shield currently unavailable)
rPois  x         Gourm    .     (helmet currently unavailable)
rElec  .         Spirit   .     (cloak currently unavailable)
rCorr  .         Warding  .     (gloves currently unavailable)
rMut   .         Stasis   .     (no barding)
MR     .....                    (no amulet)
Stlth  ++........               l - +3 ring of protection
                                n - ring of stealth

@: paralysed, spider-form (expiring), not resistant to hostile enchantments,
unstealthy
A: see invisible, (deformed body), (poison resistance), (slowness 0), spit
poison 2, AC +1
a: Spit Poison, End Transformation


You were on level 3 of the Dungeon.
You were very hungry.
You were a venomous arachnid creature.
You visited 1 branch of the dungeon, and saw 3 of its levels.

You collected 160 gold pieces.

Inventory:

Missiles
 b - 20 stones (quivered)
Armour
 c - a +0 robe (melded)
 o - a +1 cloak of poison resistance (melded)
Jewellery
 h - an uncursed ring of protection from fire {unknown}
 j - an uncursed amulet of guardian spirit
 l - a +3 ring of protection (right front leg)
 n - a ring of stealth (left front leg)
Scrolls
 e - a scroll of magic mapping {unknown}
 f - 2 scrolls of remove curse {unknown}
 g - a scroll of identify {unknown}
 i - a scroll of random uselessness {unknown}
 k - a scroll of immolation {unknown}
 m - a scroll of teleportation {unknown}
 p - a scroll of amnesia {unknown}
 r - a scroll of blinking {unknown}
Potions
 q - a potion of poison {unknown}
Books
 d - a book of Changes

   Spells                             Type                      Level
   a - Beastly Appendage              Transmutation                1
   b - Sticks to Snakes               Transmutation                2
   c - Spider Form                    Transmutation/Poison         3
   d - Ice Form                       Ice/Transmutation            4
   e - Blade Hands                    Transmutation                5
Comestibles
 a - 3 bread rations


   Skills:
 - Level 1.0 Fighting
 - Level 1.5 Dodging
 - Level 3.0 Unarmed Combat
 - Level 2.0 Spellcasting
 + Level 5.2 Transmutations


You had 4 spell levels left.
You knew the following spells:

 Your Spells              Type           Power        Failure   Level  Hunger
a - Beastly Appendage     Trmt           ###...       10%         1    #......
b - Spider Form           Trmt/Pois      #.........   45%         3    ###....


Dungeon Overview and Level Annotations

Branches:
Dungeon (3/15)

Altars:
Elyvilon

Annotations:
D:3 exclusion: 2 doors, Grinder


Innate Abilities, Weirdness & Mutations

You cannot wear boots.
((Your serpentine skin is tough (AC +1).))
You have supernaturally acute eyesight.
((Armour fits poorly on your strangely shaped body.))
((Your system is resistant to poisons.))
((You cover ground very slowly.))
You can spit poison.


Message History

Pain shoots through your body!
You hit Grinder.
Grinder is lightly wounded.
Grinder gestures at you.
You suddenly lose the ability to move!
Grinder gestures at you. You resist with some effort.
You hear the quick rusting of a drain nearby.
Grinder hits you but does no damage.
Your transformation is almost over.
Grinder hits you.
You writhe in agony.
Grinder hits you.
You writhe in agony.
* * * LOW HITPOINT WARNING * * *
Grinder grins, showing sharp teeth.
Grinder gestures at you. You resist with some effort. Grinder hits you!
* * * LOW HITPOINT WARNING * * *
You writhe in agony.
You die...

#..........###(.....
#...........).(.....
###..........###......
#............# #.#.#+#
#............# #.#....
#.....?.)....###.#....
#.[..............#....
#...[...###.######....
#(..5s..# #. #....
#.......# #....
#.......# #....
#.......# #####
#.......# #.......#
#.......# .......#
####


You could see Grinder.

Vanquished Creatures
  3 adders
  4 gnolls (D:2)
  4 worms
  A giant gecko (D:2)
  2 ball pythons
  8 bats
  6 hobgoblins
  4 jackals (D:2)
  4 giant newts
  10 goblins
  7 kobolds
  7 rats
60 creatures vanquished.

Notes
Turn   | Place    | Note
--------------------------------------------------------------
     0 | D:1      | laxity, the Naga Transmuter, began the quest for the Orb.
     0 | D:1      | Reached XP level 1. HP: 18/18 MP: 3/3
   535 | D:1      | Reached XP level 2. HP: 25/25 MP: 5/5
  1369 | D:2      | Reached XP level 3. HP: 29/31 MP: 6/6
  1374 | D:2      | Learned a level 3 spell: Spider Form
  1429 | D:2      | Reached skill level 4 in Transmutations
  1438 | D:2      | Reached XP level 4. HP: 8/38 MP: 2/7
  2796 | D:3      | Reached skill level 5 in Transmutations
  2800 | D:3      | Reached XP level 5. HP: 40/44 MP: 5/8
  3022 | D:3      | Found a white marble altar of Elyvilon.
  3225 | D:3      | Noticed Grinder
  3235 | D:3      | Paralysed by Grinder for 4 turns
  3241 | D:3      | Paralysed by Grinder for 7 turns
  3247 | D:3      | HP: 2/44 [Grinder (8)]
  3247 | D:3      | Slain by Grinder

Action                   |  1- 3 |  4- 6 || total
-------------------------+-------+-------++-------
Melee: Unarmed           |    73 |   130 ||   203
 Cast: Beastly Appendage |     3 |     1 ||     4
       Spider Form       |     2 |     8 ||    10
 Stab: Sleeping          |       |     2 ||     2
  Eat: Chunk             |     1 |     7 ||     8
